 Dungeon Crawl Stone Soup version 0.19-a0-172-g3b1235c (webtiles) character file.

16032 Kidiri the Thaumaturge (level 12, 0/105 HPs)
             Began as a High Elf Fire Elementalist on May 22, 2016.
             Was an Elder of Vehumet.
             Engulfed by a cloud of flame (3 damage)
             ... on level 1 of the Lair of Beasts.
             The game lasted 01:16:17 (19172 turns).

Kidiri the Thaumaturge (HEFE)                      Turns: 19172, Time: 01:16:18

Health: 0/105      AC: 28    Str:  7    XL:     12   Next: 6%
Magic:  2/27       EV:  2    Int: 27    God:    Vehumet [****..]
Gold:   388        SH:  5    Dex: 14    Spells: 9 memorised, 3 levels left

rFire  . . .     SeeInvis +     t - +6 dagger (holy)
rCold  . . .     Gourm    .     (armour currently unavailable)
rNeg   + + +     Faith    +     k - +1 buckler
rPois  +         Spirit   .     (helmet currently unavailable)
rElec  .         Dismiss  .     (cloak currently unavailable)
rCorr  .         Reflect  .     (gloves currently unavailable)
SustAt .         Harm     .     (boots currently unavailable)
MR     +....     NoTele   +     n - amulet of faith
Stlth  +++.......               L - +2 ring of protection
                                e - ring of see invisible

@: tree-form, somewhat resistant to hostile enchantments, fairly stealthy
A: (talons 0), (icy blue scales 0), blurry vision 1, clever 1, clumsy 1, (fire
resistance 0), frail 1, screaming 1, slow regeneration 1
a: Renounce Religion


You were on level 1 of the Lair of Beasts.
You worshipped Vehumet.
Vehumet was greatly pleased with you.
You were not hungry.
You were a tree.
You visited 3 branches of the dungeon, and saw 14 of its levels.
You also visited: Sewer.

You collected 703 gold pieces.
You spent 315 gold pieces at shops.

Inventory:

Hand Weapons
 t - a +6 dagger of holy wrath (weapon)
Armour
 k - a +1 buckler (worn)
 q - a +1 cloak (melded)
 s - a +1 helmet (melded)
 N - a +2 pair of gloves (melded)
 P - a +2 pair of boots (melded)
 V - a +0 leather armour of poison resistance (melded)
Magical Staves
 B - an uncursed staff of conjuration
Jewellery
 e - a ring of see invisible (left branch)
 n - an amulet of faith (around neck)
 v - an uncursed ring of stealth
 D - an uncursed ring of teleportation
 L - a +2 ring of protection (right branch)
 M - an uncursed ring of flight
 Q - an uncursed amulet of the gourmand
Wands
 i - a wand of iceblast (5/15)
 I - a wand of flame (9/48)
 K - a wand of confusion (32/48)
 R - a wand of random effects (25/48)
Scrolls
 a - 7 scrolls of remove curse
 d - a scroll of torment {unknown}
 f - a scroll of recharging {unknown}
 m - a scroll of vulnerability {unknown}
 w - a scroll of fear
 G - 2 scrolls of teleportation
 H - a scroll of immolation
 J - a scroll of magic mapping
 T - a scroll of blinking {unknown}
 X - 3 scrolls of noise {unknown}
Potions
 c - 2 potions of flight
 g - a potion of cure mutation
 j - 2 potions of ambrosia
 l - 3 potions of berserk rage
 o - 2 potions of curing
 p - 3 potions of invisibility
 r - a potion of cancellation
 A - 2 potions of lignification
 C - a potion of agility {unknown}
 E - 2 potions of brilliance {unknown}
 O - a potion of experience {unknown}
Books
 b - a book of Flames

   Spells                             Type                      Level
   a - Flame Tongue                   Conjuration/Fire             1
   b - Throw Flame                    Conjuration/Fire             2
   c - Conjure Flame                  Conjuration/Fire             3
   d - Inner Flame                    Hexes/Fire                   3
   e - Sticky Flame                   Conjuration/Fire             4
   f - Fireball                       Conjuration/Fire             5
Comestibles
 h - 5 meat rations
 x - 7 bread rations


   Skills:
 + Level 5.9 Fighting
 + Level 5.4 Armour
 * Level 10.0 Dodging
 - Level 2.1 Stealth
 + Level 2.2 Shields
 * Level 10.1 Spellcasting
 + Level 7.0 Conjurations
 + Level 6.1 Hexes
 + Level 6.4 Fire Magic
 + Level 4.4 Air Magic
 + Level 3.0 Earth Magic
 + Level 2.3 Poison Magic


You had 3 spell levels left.
You knew the following spells:

 Your Spells              Type           Power        Failure   Level  Hunger
a - Flame Tongue          Conj/Fire      #####        1%          1    None
b - Throw Flame           Conj/Fire      ######       1%          2    None
c - Conjure Flame         Conj/Fire      ######..     1%          3    None
d - Inner Flame           Hex/Fire       #####...     1%          3    None
e - Sticky Flame          Conj/Fire      ######..     1%          4    None
f - Fireball              Conj/Fire      ######....   3%          5    ####...
g - Bolt of Magma         Conj/Fire/Erth #####.....   4%          5    ####...
h - Shock                 Conj/Air       ####         1%          1    None
i - Olgreb's Toxic Radia  Pois           ####....     7%          4    None


Dungeon Overview and Level Annotations

Branches:
Dungeon (12/15)            Temple (1/1) D:7            Lair (1/8) D:9
    Orc (0/2) D:12

Altars:
Ashenzari
Cheibriados
Dithmenos
Elyvilon
Fedhas
Gozag
Kikubaaqudgha
Makhleb
Nemelex Xobeh
Okawaru
Pakellas
Qazlal
Ru
Sif Muna
Trog
Vehumet
Xom
Yredelemnul
Zin
The Shining One

Shops:
D:10 [   D:11 *

Annotations:
D:12 Duffy's ghost, journeyman MiSk


Innate Abilities, Weirdness & Mutations

((You have sharp toenails.))
((You are partially covered in icy blue scales (AC +1).))
Scrolls take you a little longer to read.
Your mind is acute. (Int +2)
You are clumsy. (Dex -2)
((Your flesh is heat resistant.))
You are frail (-10% HP).
You occasionally shout uncontrollably at your foes.
You regenerate slowly when monsters are visible.


Message History

Confirm with . or Enter, or press ? or * to list all spells.
Aiming: Flame Tongue
Press: ? - help, Shift-Dir - straight line, f - river rat
Aim: a river rat The flame tongue misses the river rat.
You are engulfed in roaring flames.
Unknown command.
You cannot move.
You cannot move.
You cannot move.
You are engulfed in roaring flames.
Unknown command.
You are engulfed in roaring flames.
* * * LOW HITPOINT WARNING * * *
You are engulfed in roaring flames.
* * * LOW HITPOINT WARNING * * *
You are engulfed in roaring flames.
* * * LOW HITPOINT WARNING * * *
A five-headed hydra comes into view.
You are engulfed in roaring flames.
You die...

...# ###..# ... #..#
..?# #.## #+D.# ##.#
#### #...#######..##
#.#.#+##[.............#
##....§#8§>.8#........#
#P....§§§r†..#........#
##....♣†#§8.##..).....#
##...>.## .###.......(#
#......+ ..+........'
##.....# ##........#
###'### #........# #.##
##'#####.# #..#
#....#### ##.# ###..#
##.# ##)#


You could see a five-headed hydra (wandering) and a river rat.

Vanquished Creatures
  A hydra (Lair:1)
  Urug (D:10)
  Sonja (D:10)
  An unseen horror (D:11)
  2 hill giants
  An ugly thing (D:11)
  Joseph (D:10)
  2 gargoyles (D:11)
  A komodo dragon (Lair:1)
  3 trolls
  2 two-headed ogres
  Sigmund (D:4)
  A spriggan (D:8)
  A wyvern (D:11)
  2 water elementals (D:11)
  8 yaks
  5 hippogriffs
  3 hungry ghosts
  A water moccasin (Lair:1)
  3 porcupines
  4 orc warriors
  6 ice beasts
  A phantom (D:4)
  5 sky beasts
  7 ogres
  4 wolves (D:9)
  6 centaurs
  An eye of draining (D:12)
  A crocodile (Lair:1)
  A big kobold (Sewer)
  4 giant frogs
  A wyvern zombie (D:12)
  A wyvern skeleton (D:11)
  A water moccasin zombie (D:8)
  3 scorpions
  6 killer bees (D:10)
  5 howler monkeys
  4 wights (D:5)
  9 electric eels
  4 crimson imps
  3 centaur skeletons
  A jelly (D:9)
  A quasit (D:10)
  10 orc priests
  Crazy Yiuf (D:6)
  6 hounds
  13 orc wizards
  5 giant frog skeletons
  4 iguanas
  Natasha (thrice) (D:3)
  11 worker ants
  2 killer bee zombies
  A hound zombie (D:5)
  10 adders
  5 gnolls
  12 river rats (Lair:1)
  3 shadow imps
  An ooze (D:3)
  2 adder skeletons
  2 worms
  4 dart slugs
  13 giant geckos
  62 orcs
  4 giant cockroaches (D:3)
  7 goblins
  5 hobgoblins
  21 jackals
  12 kobolds
  6 quokkas
  3 ball pythons
  10 bats
  12 giant newts
  A jackal zombie (D:7)
  17 rats
388 creatures vanquished.

Notes
Turn   | Place    | Note
--------------------------------------------------------------
     0 | D:1      | Kidiri the High Elf Fire Elementalist began the quest for the Orb.
     0 | D:1      | Reached XP level 1. HP: 11/11 MP: 4/4
   447 | D:1      | Reached XP level 2. HP: 7/18 MP: 0/6
   451 | D:1      | Learned a level 2 spell: Throw Flame
  1550 | D:2      | Reached XP level 3. HP: 22/22 MP: 4/8
  1555 | D:2      | Learned a level 3 spell: Inner Flame
  2018 | D:2      | Reached skill level 1 in Fighting
  2318 | D:3      | Noticed Natasha
  2322 | D:3      | Killed Natasha
  2322 | D:3      | Reached skill level 1 in Armour
  2322 | D:3      | Reached skill level 1 in Hexes
  2322 | D:3      | Reached XP level 4. HP: 28/28 MP: 1/9
  2445 | D:3      | Learned a level 3 spell: Conjure Flame
  2533 | D:3      | Noticed Natasha
  2543 | D:3      | Killed Natasha
  2612 | D:3      | Found a glowing drain.
  2624 | Sewer    | Entered a sewer
  2906 | Sewer    | Noticed a big kobold
  2906 | Sewer    | Reached XP level 5. HP: 33/33 MP: 3/10
  3097 | Sewer    | Found a glowing silver altar of Zin.
  3454 | D:3      | Reached XP level 6. HP: 37/38 MP: 0/12
  3633 | D:3      | Noticed Natasha
  3652 | D:3      | Killed Natasha
  4258 | D:3      | Found an ancient bone altar of Kikubaaqudgha.
  5376 | D:4      | Found a sparkling altar of Nemelex Xobeh.
  5550 | D:4      | Learned a level 4 spell: Sticky Flame
  5628 | D:4      | Noticed a sky beast
  5647 | D:4      | Killed a sky beast
  5647 | D:4      | Reached XP level 7. HP: 36/45 MP: 3/14
  5655 | D:4      | Gained mutation: Your mind is acute. (Int +2) [mutagenic meat]
  5663 | D:4      | Gained mutation: You are partially covered in icy blue scales (AC +1). [mutagenic meat]
  5664 | D:4      | Gained mutation: Your magical capacity is low (-10% MP). [mutagenic meat]
  5666 | D:4      | Gained mutation: Your flesh is heat resistant. [mutagenic meat]
  6049 | D:4      | Noticed Sigmund
  6194 | D:4      | Reached skill level 5 in Dodging
  7131 | D:4      | Killed Sigmund
  7131 | D:4      | Reached skill level 5 in Spellcasting
  7131 | D:4      | Reached XP level 8. HP: 51/51 MP: 9/15
  7428 | D:5      | Entered Level 5 of the Dungeon
  7867 | D:4      | Learned a level 5 spell: Fireball
  8640 | D:6      | Noticed Crazy Yiuf
  8649 | D:6      | Killed Crazy Yiuf
  8784 | D:6      | Reached XP level 9. HP: 50/57 MP: 6/17
  9789 | D:7      | Gained mutation: You regenerate slowly when monsters are visible. [mutagenic meat]
  9983 | D:7      | Reached skill level 5 in Fire Magic
 10086 | D:7      | Found a staircase to the Ecumenical Temple.
 10106 | Temple   | Entered the Ecumenical Temple
 10204 | Temple   | Became a worshipper of Vehumet
 11220 | D:8      | Reached skill level 5 in Conjurations
 11522 | D:8      | Reached * piety under Vehumet
 11522 | D:8      | Offered knowledge of Sandblast by Vehumet.
 11546 | D:8      | Learned a level 1 spell: Sandblast
 12109 | D:8      | Reached XP level 10. HP: 65/65 MP: 15/20
 12515 | D:9      | Reached ** piety under Vehumet
 12517 | D:9      | Offered knowledge of Shock by Vehumet.
 12550 | D:9      | Reached skill level 1 in Earth Magic
 12569 | D:9      | Learned a level 1 spell: Shock
 13001 | D:9      | Reached skill level 1 in Air Magic
 13054 | D:9      | Found a staircase to the Lair.
 13137 | D:9      | Offered knowledge of Stone Arrow by Vehumet.
 13163 | D:9      | Reached skill level 5 in Fighting
 13251 | D:9      | Learned a level 3 spell: Stone Arrow
 13302 | D:9      | Found a blossoming altar of Fedhas.
 13393 | D:9      | Got a bloodstained hand crossbow
 13394 | D:9      | Identified the +7 hand crossbow of Eternal Vigilance {penet, *Drain rN++ Str+4} (You found it on level 9 of the Dungeon)
 13681 | D:9      | Reached *** piety under Vehumet
 13979 | D:10     | Entered Level 10 of the Dungeon
 13995 | D:9      | Reached skill level 5 in Hexes
 14354 | D:10     | Offered knowledge of Olgreb's Toxic Radiance by Vehumet.
 14433 | D:10     | Noticed Urug
 14518 | D:10     | Got an ichor-stained battleaxe
 14519 | D:10     | Identified the +1 battleaxe "Starlight" {chop, Dex+7 SInv} (You found it on level 10 of the Dungeon)
 14652 | D:10     | Gained mutation: You have sharp toenails. [mutagenic meat]
 14654 | D:10     | Lost mutation: Your magical capacity is low (-10% MP). [mutagenic meat]
 14656 | D:10     | Gained mutation: You occasionally shout uncontrollably at your foes. [mutagenic meat]
 14696 | D:10     | Learned a level 4 spell: Olgreb's Toxic Radiance
 14877 | D:10     | Noticed a hill giant
 14887 | D:10     | Killed a hill giant
 14887 | D:10     | Reached XP level 11. HP: 39/72 MP: 12/25
 15154 | D:10     | Killed Urug
 15413 | D:10     | Found Weneniy's Armour Shoppe.
 15416 | D:10     | Bought a +0 buckler for 45 gold pieces
 15416 | D:10     | Bought a +2 pair of boots for 165 gold pieces
 15446 | D:10     | Noticed Joseph
 15459 | D:10     | Killed Joseph
 15459 | D:10     | Reached skill level 1 in Poison Magic
 15762 | D:10     | Reached **** piety under Vehumet
 15977 | D:10     | Noticed Sonja
 15990 | D:10     | Killed Sonja
 16375 | D:11     | Offered knowledge of Bolt of Magma by Vehumet.
 16413 | D:11     | Gained mutation: You are clumsy. (Dex -2) [mutagenic meat]
 16536 | D:11     | Learned a level 5 spell: Bolt of Magma
 16543 | D:11     | Reached skill level 5 in Armour
 16720 | D:11     | Found Titril's General Store.
 16728 | D:11     | Bought a scroll of enchant armour for 105 gold pieces
 16761 | D:11     | Reached skill level 1 in Shields
 16771 | D:11     | Noticed an unseen horror
 16781 | D:11     | Killed an unseen horror
 16869 | D:11     | Noticed a hill giant
 16905 | D:11     | Killed a hill giant
 17262 | D:11     | Gained mutation: Scrolls take you a little longer to read. [potion of mutation]
 17262 | D:11     | Gained mutation: You are frail (-10% HP). [potion of mutation]
 17796 | D:12     | Noticed a green ugly thing
 17806 | D:11     | Killed a green ugly thing
 17934 | D:11     | Reached skill level 10 in Spellcasting
 18314 | D:12     | Found a staircase to the Orcish Mines.
 18315 | D:12     | Noticed Duffy's ghost (journeyman MiSk)
 18649 | Lair:1   | Entered Level 1 of the Lair of Beasts
 18792 | Lair:1   | Noticed a seven-headed hydra
 18812 | Lair:1   | Killed a seven-headed hydra
 19019 | Lair:1   | Reached XP level 12. HP: 59/70 MP: 15/27
 19159 | Lair:1   | Reached skill level 10 in Dodging
 19171 | Lair:1   | HP: 3/105 [cloud of flame (18)]
 19172 | Lair:1   | Noticed a five-headed hydra
 19172 | Lair:1   | Engulfed by a cloud of flame

Vault maps used:
D:1:      dpeg_arrival_stone_temple_mockup, kennysheep_another_room
D:2:      st_stairs_8
D:3:      old_standard_altar, gup_sewer_entry_bubbles, minmay_misc_feat_doors,
          kennysheep_doodads, uniq_natasha
D:4:      nicolae_overflow_crystal_walls, first_bread, minmay_misc_feat_iff,
          minmay_lizard_king, uniq_sigmund
D:6:      uniq_crazy_yiuf_cottage
D:7:      minmay_temple_entry_overgrown
D:8:      hex_large, the_bakery, grunt_decor_one_mirror
D:9:      erik_lair_island, fedhas_altar_1
D:10:     serial_shops, kennysheep_mini, uniq_joseph, uniq_urug, uniq_sonja
D:11:     serial_shops, shop
D:12:     orc_0_dummy
Temple:   grunt_circular_temple_18
Lair:1:   patterned_corridor, grunt_megastairs_3
Sewer:    sewer_kobolds

Skill      XL: |  1  2  3  4  5  6  7  8  9 10 11 12 |
---------------+-------------------------------------+-----
Dodging        | 3 4 5 6 7 8 9 10 | 10.0
Fighting       | 1 2 3 4 5 |  5.9
Armour         | 1 2 3 4 5 |  5.4
Spellcasting   | 3 4 5 6 8 9 10 | 10.1
Hexes          | 1 2 3 4 5 6 |  6.1
Conjurations   | 2 3 4 5 6 7 |  7.0
Fire Magic     | 4 5 6 |  6.4
Earth Magic    | 2 3 |  3.0
Air Magic      | 2 4 |  4.4
Poison Magic   | 2 |  2.3
Shields        | 2 |  2.2
Stealth        | |  2.1

Action                   |  1- 3 |  4- 6 |  7- 9 | 10-12 || total
-------------------------+-------+-------+-------+-------++-------
Melee: Short sword       |    13 |    35 |       |       ||    48
       Dagger            |       |    12 |   130 |    45 ||   187
       Staff             |       |       |       |    16 ||    16
       Battleaxe         |       |       |       |     5 ||     5
 Cast: Flame Tongue      |    37 |    95 |   232 |   234 ||   598
       Throw Flame       |    21 |    39 |    71 |   101 ||   232
       Conjure Flame     |       |     2 |     5 |    14 ||    21
       Inner Flame       |       |     2 |     1 |    10 ||    13
       Sticky Flame      |       |     1 |    16 |    33 ||    50
       Fireball          |       |       |       |     1 ||     1
       Bolt of Magma     |       |       |       |    15 ||    15
Evoke: Wand              |       |       |       |     4 ||     4
  Use: Scroll            |     5 |     5 |     8 |    13 ||    31
       Potion            |       |       |     2 |     5 ||     7
 Stab: Sleeping          |       |     1 |     3 |     1 ||     5
       Distracted        |       |       |     1 |       ||     1
  Eat: Chunk             |     5 |     7 |    27 |    22 ||    61
       Bread ration      |       |     1 |       |     1 ||     2
       Pizza             |       |       |     2 |     3 ||     5
       Royal jelly       |       |       |       |     1 ||     1
       Beef jerky        |       |       |       |     4 ||     4
Armor: Robe              |     4 |    14 |    61 |    49 ||   128
       Leather armour    |       |       |       |    45 ||    45
       Skin              |       |       |       |     1 ||     1
Dodge: Dodged            |    25 |    65 |   210 |   232 ||   532
Block: Buckler           |       |       |       |    25 ||    25
